 Dungeon Crawl Stone Soup version 0.23.2-33-g5129a83184 (webtiles) character file.

Game seed: 8515662180113802164

97 Iceshard the Chiller (level 4, -7/36 HPs)
             Began as a Draconian Ice Elementalist on July 23, 2019.
             Mangled by a gnoll
             ... wielding a +0 spear
              (9 damage)
             ... on level 2 of the Dungeon.
             The game lasted 00:06:39 (1490 turns).

Iceshard the Chiller (Draconian Ice Elementalist)   Turns: 1490, Time: 00:06:39

Health: -7/36      AC:  5    Str: 11    XL:     4   Next: 42%
Magic:  3/8        EV: 12    Int: 16    God:
Gold:   68         SH:  0    Dex: 11    Spells: 5/8 levels left

rFire    . . .     SeeInvis .   f - +3 dagger (freeze)
rCold    . . .     Gourm    .   (no shield)
rNeg     . . .     Faith    .   (armour unavailable)
rPois    .         Spirit   .   (helmet restricted)
rElec    .         Reflect  .   (no cloak)
rCorr    .         Harm     .   (no gloves)
MR       .....                  (no boots)
Stlth    ++........             (no amulet)
HPRegen  0.12/turn              (no ring)
MPRegen  0.11/turn              (no ring)

@: no status effects
A: unfitting armour, cold-blooded, AC +5
a: no special abilities


You were on level 2 of the Dungeon.
You were not hungry.

You visited 1 branch of the dungeon, and saw 2 of its levels.

You collected 68 gold pieces.

Inventory:

Hand Weapons
 f - a +3 dagger of freezing (weapon)
 k - a +2 dagger of electrocution
Jewellery
 c - a +3 amulet of reflection {unknown}
Scrolls
 d - a scroll of enchant armour {unknown}
 g - a scroll of noise {unknown}
 i - a scroll of identify {unknown}
 j - a scroll of teleportation {unknown}
Potions
 a - 3 potions of curing {unknown}
 e - 2 potions of agility {unknown}
 h - 2 potions of haste {unknown}
Comestibles
 b - 5 rations


   Skills:
 + Level 2.1 Fighting
 + Level 2.6 Dodging
 - Level 1.7 Stealth
 + Level 2.7 Spellcasting
 - Level 1.0 Conjurations
 + Level 3.6 Ice Magic


You had 5 spell levels left.
You knew the following spells:

 Your Spells              Type           Power        Failure   Level  Hunger
a - Freeze                Ice            ##..         4%          1    #......
b - Throw Frost           Conj/Ice       #.....       11%         2    ##.....

Your spell library contained the following spells:

 Spells                   Type           Power        Failure   Level  Hunger
 Ozocubu's Armour         Chrm/Ice       #.......     26%         3    ###....
 Throw Icicle             Conj/Ice       #.......     58%         4    #####..
 Summon Ice Beast         Ice/Summ       #.......     65%         4    #####..


Dungeon Overview and Level Annotations

Branches:
Dungeon (2/15)

Altars:
Nemelex Xobeh
Sif Muna


Innate Abilities, Weirdness & Mutations

Your plain brown scales are hard. (AC +5)
You cannot fit into any form of body armour.
You are cold-blooded and may be slowed by cold attacks.


Message History

There is an open door here.
You see here 2 stones.
The gnoll closely misses you.
There is an open door, spattered with blood here.
Things that are here:
26 stones; a hobgoblin corpse All of the chunks of flesh in your inventory have rotted away.
The gnoll hits you from afar with a +0 spear.
* * * LOW HITPOINT WARNING * * *
The gnoll hits you but does no damage.
Casting: Throw Frost (safe; 11% risk of failure)
Confirm with . or Enter, or press ? or * to list all spells.
Aiming: Freeze (safe; 4% risk of failure)
Press: ? - help, Shift-Dir - straight line, f/p - gnoll
Aim: a gnoll, wielding a +0 spear (lightly wounded)
You freeze the gnoll.
The gnoll is heavily wounded.
The gnoll barely misses you.
The gnoll hits you from afar with a +0 spear!
You die...

#.# #.# #######
##############.####### #......
#.........)..........# #.#####
#.############.#####.####.### #
#.# ##...## #........# # #.#
#..gg.# ######.#.# # #.# ##.g.##
#.#.# # #.# ##@## #.#.###
#.######## #.# #...†..
#........# #.# ###.###
#.######.# ##'## ####.#
#.....##.# ##...## #....#
#.###.##.###.....## #.####
#........##.......## ##.##
###...####........>####...#####
###.......+.........'...........


You could see 3 gnolls.

Vanquished Creatures
  A hound (D:2)
  A gnoll (D:2)
  2 adders (D:2)
  A dart slug (D:1)
  A leopard gecko (D:1)
  2 giant cockroaches
  5 goblins
  4 hobgoblins
  4 bats
  5 frilled lizards
  4 kobolds
  8 rats
38 creatures vanquished.

Notes
Turn   | Place    | Note
-------+----------+-------------------------------------------
     0 | D:1      | Iceshard the Draconian Ice Elementalist began the quest for
                  | the Orb.
     0 | D:1      | Reached XP level 1. HP: 14/14 MP: 3/3
   154 | D:1      | Reached XP level 2. HP: 12/22 MP: 0/5
   181 | D:1      | Found a sparkling altar of Nemelex Xobeh.
   202 | D:1      | Learned a level 2 spell: Throw Frost
   303 | D:1      | Reached skill level 1 in Fighting
   790 | D:2      | Reached XP level 3. HP: 4/29 MP: 2/6
  1133 | D:2      | Reached XP level 4. HP: 36/36 MP: 0/7
  1362 | D:2      | Found a deep blue altar of Sif Muna.
  1485 | D:2      | HP: 1/36 [gnoll/+0 spear (6)]
  1490 | D:2      | Mangled by a gnoll

Skill      XL: |  1  2  3  4 |
---------------+-------------+-----
Dodging        | 2 |  2.6
Fighting       | 1 2 |  2.1
Stealth        | |  1.7
Spellcasting   | |  2.7
Conjurations   | |  1.0
Ice Magic      | |  3.6

Action                   |  1- 3 |  4- 6 || total
-------------------------+-------+-------++-------
Melee: Unarmed           |    16 |       ||    16
       Tailslap          |     3 |     2 ||     5
       Dagger            |    19 |    21 ||    40
 Cast: Freeze            |    20 |     2 ||    22
       Throw Frost       |     8 |     7 ||    15
 Stab: Sleeping          |     1 |       ||     1
  Eat: Chunk             |     1 |       ||     1
       Ration            |       |     1 ||     1
Armor: Skin              |    10 |     4 ||    14
Dodge: Dodged            |    28 |    19 ||    47
